 Dungeon Crawl Stone Soup version 0.18-a0-1560-ge216ca8 (webtiles) character file.

193 Ijustatesigmund the Insei (level 5, -7/36 HPs)
             Began as an Octopode Transmuter on Mar 12, 2016.
             Mangled by Edmund
             ... wielding a +0 dire flail
              (9 damage)
             ... on level 4 of the Dungeon.
             The game lasted 00:08:04 (3298 turns).

Ijustatesigmund the Insei (Octopode Transmuter)     Turns: 3298, Time: 00:08:04

Health: -7/36      AC:  2    Str:  9    XL:     5   Next: 72%
Magic:  3/8        EV: 20    Int: 16    God:
Gold:   202        SH:  0    Dex: 18    Spells: 3 memorised, 2 levels left

rFire  . . .     SeeInvis .       - Unarmed
rCold  . . .     Gourm    .     (shield currently unavailable)
rNeg   . . .     Faith    .     (helmet currently unavailable)
rPois  x         Spirit   .     (no amulet)
rElec  .         Dismiss  .     e - ring of stealth
rCorr  .         Reflect  .     (no ring)
SustAt .         Harm     .     (no ring)
MR     .....                    (no ring)
Stlth  +++.......               (no ring)
                                (no ring)
                                (no ring)
                                (no ring)

@: spider-form (expiring), very slightly contaminated, hasted, very quick, not
resistant to hostile enchantments, fairly stealthy
A: almost no armour, (amphibious), 8 rings, (constrict 8), (camouflage 0),
(gelatinous body 0)
a: End Transformation


You were on level 4 of the Dungeon.
You were not hungry.
You were a venomous arachnid creature.
You visited 1 branch of the dungeon, and saw 4 of its levels.

You collected 202 gold pieces.

Inventory:

Missiles
 a - 41 arrows
 d - 13 arrows of dispersal
Jewellery
 e - a ring of stealth (left front leg)
Scrolls
 k - a scroll of identify
 l - a scroll of remove curse
Potions
 g - a potion of might
 h - a potion of cure mutation
 j - a potion of curing
 m - a potion of degeneration {unknown}
Books
 b - a book of Changes

   Spells                             Type                      Level
   a - Beastly Appendage              Transmutation                1
   b - Sticks to Snakes               Transmutation                2
   c - Spider Form                    Transmutation/Poison         3
   d - Ice Form                       Ice/Transmutation            4
   e - Blade Hands                    Transmutation                5
 n - a book of Fire

   Spells                             Type                      Level
   a - Ignite Poison                  Fire/Transmutation/Poison    3
   b - Fireball                       Conjuration/Fire             5
   c - Bolt of Fire                   Conjuration/Fire             6
   d - Delayed Fireball               Conjuration/Fire             7
   e - Ring of Flames                 Charms/Fire                  7
Comestibles
 c - 4 bread rations
 f - a meat ration
 o - a beef jerky


   Skills:
 + Level 3.4 Fighting
 - Level 2.0 Dodging
 + Level 4.2 Unarmed Combat
 - Level 2.0 Spellcasting
 + Level 2.7 Transmutations
 - Level 2.0 Poison Magic


You had 2 spell levels left.
You knew the following spells:

 Your Spells              Type           Power        Failure   Level  Hunger
a - Beastly Appendage     Trmt           ##....       24%         1    #......
b - Sticks to Snakes      Trmt           ##......     28%         2    ###....
c - Spider Form           Trmt/Pois      #.........   50%         3    ###....


Dungeon Overview and Level Annotations

Branches:
Dungeon (4/15)
 Temple: D:4-7

Altars:
Qazlal
Vehumet

Annotations:
D:4 Edmund


Innate Abilities, Weirdness & Mutations

You cannot wear most types of armour.
((You are amphibious.))
You can wear up to eight rings at the same time.
((You can use your tentacles to constrict eight enemies at once.))
((Your skin changes colour to match your surroundings (Stealth).))
((Your rubbery body absorbs attacks (AC +1).))


Message History

The puff of flame misses you.
The water moccasin skeleton barely misses you.
Edmund hits you with a dire flail.
Your adder misses something.
Drink which item? (? for menu, Esc to quit)
You feel yourself speed up.
Your transformation is almost over.
Something hits you.
* * * LOW HITPOINT WARNING * * *
Your adder misses something.
The water moccasin skeleton closely misses you.
Edmund closely misses you.
You bite Edmund!
Edmund is moderately wounded.
The water moccasin skeleton bites you.
* * * LOW HITPOINT WARNING * * *
Your adder closely misses something.
Something closely misses you.
You hit Edmund but do no damage.
Edmund is poisoned.
Edmund is moderately wounded.
Edmund hits you with a dire flail!
You die...

........#.###.....###
..........# ###.>##
..........## ####
...........####
..............##
..................
..............##..
...............#
......Ss.......#
......Z{@......#
.........(.....#
..............##
..............#
.............##
..............#
...............


You could see Edmund, a water moccasin skeleton and a friendly adder.

Vanquished Creatures
  2 worker ants
  Robin (D:3)
  4 adders
  2 oozes
  2 worms
  2 dart slugs (D:2)
  3 giant geckos
  5 orcs
  3 bats
  6 giant cockroaches
  4 hobgoblins
  3 jackals (D:1)
  5 kobolds
  A quokka (D:2)
  3 ball pythons
  5 giant newts
  16 goblins
  8 rats
75 creatures vanquished.

Vanquished Creatures (others)
  A goblin (D:3)
1 creature vanquished.

Grand Total: 76 creatures vanquished

Notes
Turn   | Place    | Note
--------------------------------------------------------------
     0 | D:1      | Ijustatesigmund the Octopode Transmuter began the quest for the Orb.
     0 | D:1      | Reached XP level 1. HP: 13/13 MP: 3/3
   165 | D:1      | Reached XP level 2. HP: 15/18 MP: 3/5
   175 | D:1      | Learned a level 2 spell: Sticks to Snakes
   748 | D:1      | Reached XP level 3. HP: 21/24 MP: 6/6
   753 | D:1      | Learned a level 3 spell: Spider Form
  1164 | D:2      | Reached skill level 1 in Poison Magic
  1599 | D:2      | Reached XP level 4. HP: 25/30 MP: 7/7
  2146 | D:3      | Noticed Robin
  2167 | D:3      | Killed Robin
  2331 | D:3      | Reached skill level 4 in Unarmed Combat
  2459 | D:3      | Reached XP level 5. HP: 26/36 MP: 4/8
  2598 | D:3      | Found a radiant altar of Vehumet.
  2991 | D:3      | Found a stormy altar of Qazlal.
  3284 | D:4      | Noticed Edmund
  3298 | D:4      | Mangled by Edmund

Vault maps used:
D:1:      onia_arrival_mini_spirals, monster_avoids_cloud
D:3:      old_standard_altar, fiery_altar_vehumet, first_bread, uniq_robin
D:4:      serial_column_ruins, column_ruins_hut_pillars,
          column_ruins_columns_straight, column_ruins_grid_1,
          column_ruins_grid_4, column_ruins_grid_2, column_ruins_grid_3,
          column_ruins_open_small_water, uniq_duvessa, uniq_edmund

Skill      XL: |  1  2  3  4 |
---------------+-------------+-----
Fighting       | 2 3 |  3.4
Poison Magic   | 1 2 |  2.0
Unarmed Combat | 4 |  4.2
Dodging        | |  2.0
Spellcasting   | |  2.0
Transmutations | |  2.7

Action                   |  1- 3 |  4- 6 || total
-------------------------+-------+-------++-------
Melee: Unarmed           |    79 |   107 ||   186
 Cast: Beastly Appendage |     6 |     7 ||    13
       Spider Form       |     1 |     4 ||     5
       Sticks to Snakes  |       |     3 ||     3
  Use: Scroll            |     9 |     5 ||    14
       Potion            |       |     2 ||     2
 Stab: Sleeping          |     9 |     5 ||    14
       Distracted        |       |     1 ||     1
  Eat: Chunk             |     2 |     5 ||     7
       Fruit             |       |     2 ||     2
